[Event "RUS-ch Rapid Men 2018"]
[Site "Sochi"]
[Date "2018.10.05"]
[Round "1"]
[White "Semukhin, Mihail"]
[Black "Bocharov, Dmitry"]
[Result "0-1"]
[ECO "A49"]
[WhiteElo "2036"]
[BlackElo "2562"]
[Annotator "ChessBase"]
[PlyCount "64"]
[EventDate "2018.10.05"]
[EventType "swiss"]
[EventCountry "RUS"]
[SourceTitle "playchess.com"]
[Source "ChessBase"]
[SourceQuality "1"]
[TimeControl "900+10"]

1. d4 Nf6 2. Nf3 g6 3. g3 c5 4. c4 Nc6 5. Bg2 cxd4 6. Nxd4 Bg7 7. O-O O-O 8. Nc3 Qa5 9. Nb3 Qh5 10. e4 Qxd1 11. Rxd1 d6 12. Bf4 Be6 13. Nd5 Nd7 14. Nc7 Rac8 15. Nxe6 fxe6 16. Bh3 Kf7 17. c5 Nxc5 18. Nxc5 dxc5 19. Rd7 b6 20. Rad1 Bd4 21. Bc7 Bxb2 22. Bf1 Be5 23. Bxe5 Nxe5 24. Rxa7 Rfd8 25. Rb1 Ra8 26. Rxa8 Rxa8 27. Rxb6 Rxa2 28. Rb8 c4 29. Rc8 Rc2 30. Kg2 h5 31. h4 Ng4 32. Rxc4 Rxf2+ 0-1

[Event "RUS-ch Rapid Men 2018"]
[Site "Sochi"]
[Date "2018.10.05"]
[Round "1"]
[White "Girshgorn, Leonid"]
[Black "Alekseev, Evgeny"]
[Result "0-1"]
[ECO "A45"]
[WhiteElo "1925"]
[BlackElo "2620"]
[Annotator "ChessBase"]
[PlyCount "106"]
[EventDate "2018.10.05"]
[EventType "swiss"]
[EventCountry "RUS"]
[SourceTitle "playchess.com"]
[Source "ChessBase"]
[SourceQuality "1"]
[TimeControl "900+10"]

1. d4 Nf6 2. Bf4 e6 3. e3 c5 4. c3 Nc6 5. Nd2 d5 6. Ngf3 cxd4 7. exd4 Nh5 8. Bg5 f6 9. Be3 Bd6 10. Bb5 O-O 11. O-O a6 12. Ba4 g6 13. c4 Ne7 14. Bb3 Kh8 15. Re1 Ng7 16. cxd5 exd5 17. Bh6 Re8 18. Bxg7+ Kxg7 19. Nf1 Bf5 20. Nh4 Bd7 21. Ne3 Be6 22. Qf3 Qd7 23. g3 Bc7 24. Nhg2 g5 25. h4 h6 26. h5 f5 27. Bc2 Rf8 28. Re2 g4 29. Nxg4 fxg4 30. Qe3 Rf6 31. Rae1 Nc6 32. Qxe6 Rxe6 33. Rxe6 Rh8 34. Nh4 Bd8 35. Nf5+ Kf8 36. Rd6 Qf7 37. Ree6 Bc7 38. Rf6 Bxd6 39. Rxf7+ Kxf7 40. Nxd6+ Kf6 41. Bb3 Nxd4 42. Bxd5 Rd8 43. Ne4+ Ke5 44. Bxb7 Nf3+ 45. Kf1 a5 46. a3 Rd1+ 47. Ke2 Rb1 48. Nc5 Rxb2+ 49. Ke3 Rb5 50. Nd3+ Kf6 51. Bc8 Rb3 52. Ke4 Rxa3 53. Bxg4 Rxd3 0-1

[Event "RUS-ch Rapid Men 2018"]
[Site "Sochi"]
[Date "2018.10.05"]
[Round "2"]
[White "Alekseev, Evgeny"]
[Black "Kozak, Alexander"]
[Result "1-0"]
[ECO "B13"]
[WhiteElo "2620"]
[BlackElo "2262"]
[Annotator "RC"]
[PlyCount "67"]
[EventDate "2018.10.05"]
[EventType "swiss"]
[EventCountry "RUS"]
[SourceTitle "playchess.com"]
[Source "ChessBase"]
[SourceQuality "1"]
[TimeControl "900+10"]

1. e4 c6 2. d4 d5 3. exd5 cxd5 4. Nf3 Nc6 5. Ne5 Nf6 6. Bb5 Bd7 7. Nxd7 Qxd7 8. c3 e6 9. O-O Bd6 10. Nd2 O-O 11. Bd3 Rab8 12. a4 a6 13. Qe2 b5 14. Nf3 Qb7 15. b4 Rfc8 16. Bd2 Ne4 17. Bxe4 dxe4 18. Qxe4 Ne7 19. Ng5 g6 20. axb5 axb5 21. Qxb7 Rxb7 22. Ne4 Rb6 23. Ra5 Nd5 24. Rxb5 Bf4 25. Rxb6 Bxd2 26. Rb5 Nxc3 27. Nxc3 Rxc3 28. d5 exd5 29. Rxd5 Bf4 30. g3 Bc7 31. Rc5 Rxc5 32. bxc5 Kf8 33. Re1 Ba5 34. Re2 1-0

[Event "RUS-ch Rapid Men 2018"]
[Site "Sochi"]
[Date "2018.10.05"]
[Round "2"]
[White "Esipenko, Andrey"]
[Black "Dilmukhametov, Artur"]
[Result "1-0"]
[ECO "D02"]
[WhiteElo "2609"]
[BlackElo "2353"]
[Annotator "ChessBase"]
[PlyCount "95"]
[EventDate "2018.10.05"]
[EventType "swiss"]
[EventCountry "RUS"]
[SourceTitle "playchess.com"]
[Source "ChessBase"]
[SourceQuality "1"]
[TimeControl "900+10"]

1. d4 d5 2. Nf3 c6 3. c4 Nf6 4. Qb3 dxc4 5. Qxc4 Bf5 6. Nc3 e6 7. g3 Nbd7 8. Bg2 Be7 9. O-O O-O 10. Re1 Ne4 11. Qb3 Qb6 12. Nh4 Bxh4 13. gxh4 Nxc3 14. bxc3 e5 15. e4 Be6 16. Qd1 Bc4 17. Be3 Qa5 18. Qh5 Rfe8 19. f4 g6 20. Qf3 f6 21. Rac1 Nf8 22. h5 exd4 23. cxd4 Bxa2 24. hxg6 hxg6 25. Ra1 Qc3 26. f5 Bf7 27. fxg6 Bxg6 28. Qxf6 Re6 29. Qh4 Rae8 30. Rac1 Qb4 31. Bf2 R6e7 32. Rc5 Rh7 33. Qg3 Rg7 34. Rg5 Qe7 35. d5 Bh7 36. h4 cxd5 37. exd5 Rxg5 38. Rxe7 Rxg3 39. Rxe8 Rc3 40. Bxa7 Kf7 41. Rb8 Rb3 42. d6 Rb1+ 43. Kf2 Nd7 44. Bd5+ Kf6 45. Bd4+ Kf5 46. Rd8 Rd1 47. Ke3 Nf6 48. Rf8 1-0

[Event "RUS-ch Rapid Men 2018"]
[Site "Sochi"]
[Date "2018.10.05"]
[Round "2"]
[White "Antipov, Mikhail Al."]
[Black "Apryshko, Gleb"]
[Result "1-0"]
[ECO "B06"]
[WhiteElo "2593"]
[BlackElo "2399"]
[Annotator "ChessBase"]
[PlyCount "77"]
[EventDate "2018.10.05"]
[EventType "swiss"]
[EventCountry "RUS"]
[SourceTitle "playchess.com"]
[Source "ChessBase"]
[SourceQuality "1"]
[TimeControl "900+10"]

1. e4 g6 2. d4 Bg7 3. Nc3 a6 4. g4 d6 5. h4 Nc6 6. Be3 Nf6 7. f3 e5 8. dxe5 Nxe5 9. h5 gxh5 10. g5 Nfd7 11. f4 Ng6 12. f5 Bxc3+ 13. bxc3 Nge5 14. Qxh5 Qe7 15. Nh3 Nb6 16. Bxb6 cxb6 17. Nf4 Qxg5 18. Qxg5 Nf3+ 19. Ke2 Nxg5 20. Nd5 Nxe4 21. Kf3 Bxf5 22. Re1 Kd7 23. Nxb6+ Kc6 24. Nxa8 Nxc3 25. Bg2 Be6 26. Kf2+ d5 27. Re3 Ne4+ 28. Bxe4 dxe4 29. Rc3+ Kd6 30. Rd1+ Ke5 31. Nc7 Bxa2 32. Rc5+ Kf4 33. c4 b5 34. Nd5+ Kg4 35. Nf6+ Kf4 36. Nh5+ Kg4 37. Rg1+ Kh4 38. Rh1+ Kg4 39. Nf6+ 1-0

[Event "RUS-ch Rapid Men 2018"]
[Site "Sochi"]
[Date "2018.10.05"]
[Round "2"]
[White "Bocharov, Dmitry"]
[Black "Stambulian, Arsen"]
[Result "1-0"]
[ECO "D80"]
[WhiteElo "2557"]
[BlackElo "2339"]
[Annotator "ChessBase"]
[PlyCount "41"]
[EventDate "2018.10.05"]
[EventType "swiss"]
[EventCountry "RUS"]
[SourceTitle "playchess.com"]
[Source "ChessBase"]
[SourceQuality "1"]
[TimeControl "900+10"]

1. d4 Nf6 2. c4 g6 3. Nc3 d5 4. e3 Bg7 5. Qb3 dxc4 6. Bxc4 O-O 7. Nf3 Nc6 8. Be2 b6 9. O-O Bb7 10. Rd1 Qc8 11. e4 Ba6 12. Bxa6 Qxa6 13. e5 Ng4 14. h3 Nh6 15. d5 Nb8 16. Bg5 Nd7 17. Bxe7 Rfe8 18. d6 Nc5 19. Qd5 cxd6 20. exd6 Nd7 21. Nb5 1-0

[Event "RUS-ch Rapid Men 2018"]
[Site "Sochi"]
[Date "2018.10.05"]
[Round "2"]
[White "Sychev, Klementy"]
[Black "Linker, Mikhail"]
[Result "1-0"]
[ECO "B76"]
[WhiteElo "2534"]
[BlackElo "2269"]
[Annotator "ChessBase"]
[PlyCount "81"]
[EventDate "2018.10.05"]
[EventType "swiss"]
[EventCountry "RUS"]
[SourceTitle "playchess.com"]
[Source "ChessBase"]
[SourceQuality "1"]
[TimeControl "900+10"]

1. e4 c5 2. Nf3 d6 3. d4 cxd4 4. Nxd4 Nf6 5. Nc3 g6 6. Be3 Bg7 7. f3 Nc6 8. Qd2 O-O 9. O-O-O d5 10. Nxc6 bxc6 11. Bh6 Qa5 12. e5 Nd7 13. Bxg7 Kxg7 14. h4 h5 15. g4 Rh8 16. e6 fxe6 17. Qg5 Qb4 18. Rg1 e5 19. gxh5 Qf4+ 20. Qxf4 exf4 21. Rxg6+ Kf7 22. Rg5 Nf6 23. Bd3 Kf8 24. Bg6 Ba6 25. Re1 Rd8 26. Na4 Rd6 27. Nc5 Bc8 28. Nd3 e6 29. Nxf4 Ke7 30. Bd3 Kd8 31. Reg1 Kc7 32. Rg7+ Kb6 33. R1g5 c5 34. Rf7 c4 35. Rxf6 cxd3 36. Nxd3 Bd7 37. Nf4 Kc5 38. h6 e5 39. Nd3+ Kc6 40. Nxe5+ Kc7 41. Rxd6 1-0

[Event "RUS-ch Rapid Men 2018"]
[Site "Sochi"]
[Date "2018.10.05"]
[Round "2"]
[White "Shcherbakov, Ruslan"]
[Black "Kretov, Evgenij"]
[Result "1-0"]
[ECO "B30"]
[WhiteElo "2516"]
[BlackElo "2219"]
[Annotator "ChessBase"]
[PlyCount "69"]
[EventDate "2018.10.05"]
[EventType "swiss"]
[EventCountry "RUS"]
[SourceTitle "playchess.com"]
[Source "ChessBase"]
[SourceQuality "1"]
[TimeControl "900+10"]

1. e4 c5 2. Nf3 Nc6 3. Bb5 a6 4. Bxc6 dxc6 5. d3 Qc7 6. a4 a5 7. e5 Bg4 8. Bf4 f5 9. Nbd2 Nh6 10. h3 Bh5 11. Qe2 Nf7 12. Qe3 e6 13. Rg1 Be7 14. g4 fxg4 15. hxg4 Bg6 16. Bg3 h5 17. Bh4 hxg4 18. Bxe7 Qxe7 19. Rxg4 Rh1+ 20. Ng1 Rh6 21. O-O-O O-O-O 22. Rc4 Rd5 23. f4 Bh5 24. Re1 g5 25. Ne4 gxf4 26. Qxf4 Rxe5 27. Qd2 Ng5 28. Kb1 Nxe4 29. dxe4 Rg6 30. Qxa5 Kb8 31. Qc3 Rgg5 32. Nh3 Bg4 33. Nxg5 Qxg5 34. Qg3 Qh5 35. Rxc5 1-0

[Event "RUS-ch Rapid Men 2018"]
[Site "Sochi"]
[Date "2018.10.05"]
[Round "2"]
[White "Belyakov, Bogdan"]
[Black "Chizhikov, Vladislav"]
[Result "1/2-1/2"]
[ECO "C15"]
[WhiteElo "2458"]
[BlackElo "2304"]
[Annotator "ChessBase"]
[PlyCount "74"]
[EventDate "2018.10.05"]
[EventType "swiss"]
[EventCountry "RUS"]
[SourceTitle "playchess.com"]
[Source "ChessBase"]
[SourceQuality "1"]
[TimeControl "900+10"]

1. e4 e6 2. d4 d5 3. Nc3 Bb4 4. a3 Bxc3+ 5. bxc3 dxe4 6. f3 c5 7. Qd2 Nc6 8. Bb2 Nf6 9. O-O-O Qa5 10. Qg5 cxd4 11. Qxg7 dxc3 12. Qxf6 cxb2+ 13. Qxb2 Rg8 14. fxe4 Bd7 15. Nf3 O-O-O 16. g3 Qc5 17. Rd3 f5 18. Rc3 Qf2 19. exf5 exf5 20. Bb5 Rge8 21. Rf1 Qb6 22. Qb3 Kb8 23. Bxc6 Qxb3 24. cxb3 Bxc6 25. Rf2 Re4 26. Kb2 f4 27. Ng5 fxg3 28. hxg3 Re7 29. Nh3 Rg8 30. Nf4 a6 31. a4 Reg7 32. Nh5 Rg5 33. Nf6 R8g7 34. Rh2 Rxg3 35. Rxg3 Rxg3 36. Rxh7 Rf3 37. Nd7+ Bxd7 1/2-1/2

[Event "RUS-ch Rapid Men 2018"]
[Site "Sochi"]
[Date "2018.10.05"]
[Round "2"]
[White "Sharafiev, Azat"]
[Black "Oparin, Grigoriy"]
[Result "0-1"]
[ECO "A13"]
[WhiteElo "2432"]
[BlackElo "2624"]
[Annotator "RC"]
[PlyCount "112"]
[EventDate "2018.10.05"]
[EventType "swiss"]
[EventCountry "RUS"]
[SourceTitle "playchess.com"]
[Source "ChessBase"]
[SourceQuality "1"]
[TimeControl "900+10"]

1. Nf3 Nf6 2. c4 e6 3. g3 d5 4. Bg2 dxc4 5. Qa4+ Bd7 6. Qxc4 c5 7. Ne5 Qc8 8. d3 Nc6 9. Nxd7 Qxd7 10. Be3 Rc8 11. O-O Be7 12. Qa4 Nd5 13. Bd2 O-O 14. Nc3 Nb6 15. Qd1 Rfd8 16. Be3 Nd4 17. Rc1 Nf5 18. Bf4 h6 19. Ne4 Nd5 20. Bd2 b5 21. Re1 Nb6 22. b3 Nd4 23. Bc3 f5 24. Nd2 Bf6 25. e3 b4 26. Ba1 Nb5 27. Bxf6 gxf6 28. Qh5 Qg7 29. Bf1 Nc3 30. a4 Rc7 31. d4 cxd4 32. exd4 Qg5 33. Qxg5+ hxg5 34. a5 Nbd5 35. Bc4 Kf7 36. Nb1 Rc6 37. Bxd5 Ne2+ 38. Kg2 Rxc1 39. Bxe6+ Kxe6 40. Rxe2+ Kf7 41. Rb2 Rxd4 42. Nd2 Rd3 43. Nc4 Kg6 44. h3 Rdd1 45. Kf3 Rb1 46. Rc2 Rxb3+ 47. Ke2 Rd7 48. Nd2 Rc3 49. Rb2 Rb7 50. Nb3 Re7+ 51. Kd2 Rd7+ 52. Ke2 f4 53. gxf4 gxf4 54. Nd2 f3+ 55. Kd1 Rd4 56. a6 b3 0-1

[Event "RUS-ch Rapid Men 2018"]
[Site "Sochi"]
[Date "2018.10.05"]
[Round "2"]
[White "Tsoi, Dmitry"]
[Black "Paravyan, David"]
[Result "0-1"]
[ECO "A11"]
[WhiteElo "2429"]
[BlackElo "2629"]
[Annotator "ChessBase"]
[PlyCount "114"]
[EventDate "2018.10.05"]
[EventType "swiss"]
[EventCountry "RUS"]
[SourceTitle "playchess.com"]
[Source "ChessBase"]
[SourceQuality "1"]
[TimeControl "900+10"]

1. c4 c6 2. Nf3 d5 3. e3 Nf6 4. b3 Bg4 5. Bb2 Nbd7 6. Be2 e6 7. h3 Bh5 8. Nc3 Bd6 9. O-O O-O 10. d4 Qe7 11. Nd2 Bg6 12. c5 Bc7 13. f4 b6 14. b4 a5 15. b5 bxc5 16. bxc6 Nb8 17. Qa4 c4 18. e4 Bb6 19. e5 Nh5 20. Kh2 Qb4 21. Qxb4 axb4 22. Nxd5 exd5 23. Bxc4 dxc4 24. Nxc4 Bc7 25. f5 Nxc6 26. d5 Ne7 27. d6 Nxf5 28. dxc7 Ne7 29. Rad1 Bf5 30. g4 Be6 31. Nd6 Rxa2 32. Rd2 Ra7 33. gxh5 Rxc7 34. h6 gxh6 35. h4 h5 36. Ne4 Rc4 37. Rd4 Rc2+ 38. Rd2 Rxd2+ 39. Nxd2 Rc8 40. Ne4 Rc2+ 41. Rf2 Rxf2+ 42. Nxf2 Nf5 43. Ne4 Kg7 44. Kg2 Nxh4+ 45. Kg3 Nf5+ 46. Kf4 Kg6 47. Nf2 Ne7 48. Bc1 h4 49. Nd3 Nd5+ 50. Kf3 Kf5 51. Bb2 h3 52. Nf2 Nf4 53. Kg3 b3 54. Ba1 h5 55. Bb2 h4+ 56. Kxh4 h2 57. Kg3 Nd3 0-1

[Event "RUS-ch Rapid Men 2018"]
[Site "Sochi"]
[Date "2018.10.05"]
[Round "2"]
[White "Vastrukhin, Oleg"]
[Black "Derjabin, Ilja"]
[Result "1-0"]
[ECO "A00"]
[WhiteElo "2413"]
[BlackElo "2345"]
[Annotator "NA"]
[PlyCount "91"]
[EventDate "2018.10.05"]
[EventType "swiss"]
[EventCountry "RUS"]
[SourceTitle "playchess.com"]
[Source "ChessBase"]
[SourceQuality "1"]
[TimeControl "900+10"]

1. g3 c5 2. Bg2 d5 3. d3 Nc6 4. e4 dxe4 5. dxe4 Qxd1+ 6. Kxd1 Nf6 7. f3 b6 8. Be3 g6 9. Nd2 h5 10. h4 Bh6 11. Bxh6 Rxh6 12. c3 Ba6 13. Bf1 Bxf1 14. Nxf1 O-O-O+ 15. Ke2 e6 16. Nh3 Kd7 17. Rd1+ Ke7 18. Rxd8 Kxd8 19. Ne3 Ke7 20. a4 Rh8 21. Nc4 Rd8 22. Nf4 Na5 23. Ne5 Nd7 24. Nxd7 Rxd7 25. Nd3 Nc6 26. f4 c4 27. Nf2 a6 28. Nd1 b5 29. Ne3 Na5 30. axb5 axb5 31. Rd1 Rb7 32. Nc2 Nb3 33. Nb4 Rc7 34. e5 Nc5 35. Ke3 Na4 36. Rd2 f6 37. Rd6 fxe5 38. fxe5 Nxb2 39. Nc6+ Kf7 40. Nd8+ Ke7 41. Nxe6 Ra7 42. Nf4 Ra3 43. Nd5+ Ke8 44. Rxg6 Nd1+ 45. Kd4 b4 46. e6 1-0

[Event "RUS-ch Rapid Men 2018"]
[Site "Sochi"]
[Date "2018.10.05"]
[Round "2"]
[White "Yashmetov, Mikhail"]
[Black "Lysyj, Igor"]
[Result "0-1"]
[ECO "E09"]
[WhiteElo "2394"]
[BlackElo "2631"]
[Annotator "ChessBase"]
[PlyCount "92"]
[EventDate "2018.10.05"]
[EventType "swiss"]
[EventCountry "RUS"]
[SourceTitle "playchess.com"]
[Source "ChessBase"]
[SourceQuality "1"]
[TimeControl "900+10"]

1. Nf3 d5 2. g3 Nf6 3. Bg2 e6 4. O-O Be7 5. d4 O-O 6. c4 Nbd7 7. Nbd2 c6 8. Qc2 b6 9. e4 dxc4 10. Nxc4 Bb7 11. Rd1 c5 12. e5 Nd5 13. Nd6 Bxd6 14. exd6 Rc8 15. dxc5 Rxc5 16. Qd3 Qa8 17. Bd2 Rd8 18. Rac1 Rxc1 19. Rxc1 Nc5 20. Qe2 Rxd6 21. b4 Nd7 22. a3 N5f6 23. Ne1 Bxg2 24. Nxg2 h6 25. Bf4 Rc6 26. Rd1 Nd5 27. Bd2 Qc8 28. Nf4 N7f6 29. Nxd5 Nxd5 30. h3 Rc2 31. Qf3 Qc4 32. Kg2 b5 33. h4 a6 34. Be3 Rc3 35. Rd4 Qb3 36. Rg4 Qc2 37. Kh3 h5 38. Rg5 g6 39. Re5 Rxa3 40. Qh1 Nxe3 41. Qa8+ Kg7 42. fxe3 Ra2 43. Qh1 Qe2 44. Re4 f5 45. Rd4 Qg4+ 46. Rxg4 hxg4# 0-1

[Event "RUS-ch Rapid Men 2018"]
[Site "Sochi"]
[Date "2018.10.05"]
[Round "2"]
[White "Murzin, Volodar"]
[Black "Kryakvin, Dmitry"]
[Result "1-0"]
[ECO "B52"]
[WhiteElo "2340"]
[BlackElo "2595"]
[Annotator "RC"]
[PlyCount "195"]
[EventDate "2018.10.05"]
[EventType "swiss"]
[EventCountry "RUS"]
[SourceTitle "playchess.com"]
[Source "ChessBase"]
[SourceQuality "1"]
[TimeControl "900+10"]

1. e4 c5 2. Nf3 d6 3. Bb5+ Bd7 4. Bxd7+ Qxd7 5. O-O Nf6 6. Re1 Nc6 7. c3 e6 8. d4 cxd4 9. cxd4 d5 10. e5 Ne4 11. Nbd2 Nxd2 12. Bxd2 Be7 13. Rc1 O-O 14. Rc3 Rfc8 15. a3 Bd8 16. Rd3 Ne7 17. Ng5 Ng6 18. Nxh7 Kxh7 19. Qh5+ Kg8 20. Rh3 a5 21. Qh7+ Kf8 22. Rf3 Ne7 23. Qh8+ Ng8 24. Rg3 f5 25. Bh6 Rc7 26. h3 Qf7 27. Rxg7 Qxg7 28. Bxg7+ Rxg7 29. Qh5 Rc8 30. Qe2 Rc4 31. Qd2 Bb6 32. Rc1 Rgc7 33. Rxc4 Rxc4 34. g4 Rxd4 35. Qc2 Ne7 36. gxf5 exf5 37. Qe2 Bc7 38. Qe3 Re4 39. Qh6+ Ke8 40. e6 Be5 41. Qh5+ Kd8 42. Qf7 Bd6 43. Qf8+ Kc7 44. Qa8 Rxe6 45. Qxa5+ Kc8 46. Qa8+ Bb8 47. Qa5 d4 48. Qc5+ Nc6 49. Qxf5 Kd7 50. b4 Be5 51. f4 Bf6 52. Kf1 Ne7 53. Qb5+ Kc7 54. Qa5+ Kb8 55. Qb5 Rd6 56. Ke2 d3+ 57. Kd2 Bc3+ 58. Kd1 Nc8 59. Qc4 Bf6 60. Kd2 Nb6 61. Qc5 Be7 62. f5 Bg5+ 63. Kd1 Nc8 64. b5 d2 65. a4 b6 66. Qe5 Bf6 67. Qf4 Kc7 68. h4 Ne7 69. h5 Kd7 70. Qc4 Nxf5 71. Qg4 Ke6 72. h6 Rd4 73. Qh3 Rh4 74. Qb3+ Ke7 75. Kxd2 Rh2+ 76. Kd1 Rxh6 77. Qb4+ Kf7 78. Qe4 Ne7 79. Qc4+ Kg7 80. Qc7 Bg5 81. a5 bxa5 82. b6 Rh1+ 83. Ke2 Rb1 84. b7 Rb2+ 85. Kf3 a4 86. b8=Q Rxb8 87. Qxb8 a3 88. Qa7 Bf6 89. Qxa3 Ng6 90. Ke4 Ne7 91. Qh3 Kg6 92. Kf4 Kg7 93. Qh5 Kg8 94. Qe8+ Kg7 95. Kg4 Ng6 96. Kf5 Nh4+ 97. Ke6 Bg5 98. Qh5 1-0

[Event "RUS-ch Rapid Men 2018"]
[Site "Sochi"]
[Date "2018.10.05"]
[Round "2"]
[White "Ivlev, Aleksey"]
[Black "Grachev, Boris"]
[Result "1-0"]
[ECO "E04"]
[WhiteElo "2326"]
[BlackElo "2626"]
[Annotator "ChessBase"]
[PlyCount "75"]
[EventDate "2018.10.05"]
[EventType "swiss"]
[EventCountry "RUS"]
[SourceTitle "playchess.com"]
[Source "ChessBase"]
[SourceQuality "1"]
[TimeControl "900+10"]

1. d4 d5 2. c4 e6 3. Nf3 Nf6 4. g3 dxc4 5. Bg2 Bd7 6. Ne5 Bc6 7. Nxc6 Nxc6 8. Qa4 Qd7 9. Qxc4 Nxd4 10. Bxb7 Rb8 11. Bg2 Bb4+ 12. Nd2 O-O 13. O-O Bxd2 14. Bxd2 Rxb2 15. Be3 Nc2 16. Bc1 Qb5 17. Qc3 Rb1 18. Rxb1 Qxb1 19. Ba3 Qxa2 20. Bxf8 Kxf8 21. Rc1 Na3 22. Ra1 Qxe2 23. Qxa3+ Kg8 24. Qf3 Qxf3 25. Bxf3 g5 26. Rxa7 g4 27. Bc6 Kg7 28. Rxc7 h5 29. Kg2 Kg6 30. Kf1 Nh7 31. Ke2 Ng5 32. Ke3 Kf6 33. f4 gxf3 34. Bxf3 Kg6 35. h4 Nh7 36. Bxh5+ Kxh5 37. Rxf7 Kg6 38. Rxh7 1-0

[Event "RUS-ch Rapid Men 2018"]
[Site "Sochi"]
[Date "2018.10.05"]
[Round "2"]
[White "Inozemtsev, Sergei"]
[Black "Demidov, Mikhail"]
[Result "0-1"]
[ECO "B04"]
[WhiteElo "2310"]
[BlackElo "2514"]
[Annotator "ChessBase"]
[PlyCount "104"]
[EventDate "2018.10.05"]
[EventType "swiss"]
[EventCountry "RUS"]
[SourceTitle "playchess.com"]
[Source "ChessBase"]
[SourceQuality "1"]
[TimeControl "900+10"]

1. e4 Nf6 2. e5 Nd5 3. d4 d6 4. Nf3 Nb6 5. Be2 Bg4 6. Be3 e6 7. O-O Nc6 8. Nbd2 Be7 9. Re1 Nd5 10. exd6 cxd6 11. c3 O-O 12. Nf1 Bf6 13. Bd2 Qb6 14. Qb3 Qc7 15. Ng3 Na5 16. Qa4 Rfc8 17. Ne4 Be7 18. Ng3 a6 19. h3 Bxf3 20. Bxf3 Nc4 21. Bc1 Nf6 22. Qc2 d5 23. Ne2 Bd6 24. Bg5 Nd7 25. Nc1 b5 26. Nd3 a5 27. a3 Rab8 28. b4 h6 29. Bc1 Ra8 30. Nc5 Nf8 31. Ra2 Ra7 32. Qb1 Rca8 33. Ree2 Bh2+ 34. Kh1 Bf4 35. Be3 Qb8 36. Nd3 Bxe3 37. fxe3 axb4 38. axb4 Rxa2 39. Rxa2 Nxe3 40. Ne5 Rxa2 41. Qxa2 Qc7 42. Qd2 Nf5 43. Kg1 Nd7 44. Nd3 Nb6 45. Nc5 Nc4 46. Qe1 Qd6 47. Bg4 Nfe3 48. Bf3 Qf4 49. Nd3 Qg5 50. Qf2 Nf5 51. Bg4 Nfd6 52. Qf4 Ne4 0-1

[Event "RUS-ch Rapid Men 2018"]
[Site "Sochi"]
[Date "2018.10.05"]
[Round "2"]
[White "Miroshnichenko, Pavel"]
[Black "Khanin, Semen"]
[Result "1/2-1/2"]
[ECO "C47"]
[WhiteElo "2275"]
[BlackElo "2510"]
[Annotator "ChessBase"]
[PlyCount "103"]
[EventDate "2018.10.05"]
[EventType "swiss"]
[EventCountry "RUS"]
[SourceTitle "playchess.com"]
[Source "ChessBase"]
[SourceQuality "1"]
[TimeControl "900+10"]

1. e4 e5 2. Nf3 Nc6 3. Nc3 Nf6 4. g3 d5 5. exd5 Nxd5 6. Bg2 Nxc3 7. bxc3 Bc5 8. O-O O-O 9. d3 Bb6 10. Be3 Bg4 11. Qe1 Re8 12. Nd2 Nd4 13. cxd4 exd4 14. Nc4 dxe3 15. Nxb6 axb6 16. fxe3 c6 17. Qb4 Be6 18. a4 Ra6 19. Qf4 Qe7 20. Be4 Rea8 21. Qe5 Ra5 22. Qd4 Qc5 23. Qxc5 bxc5 24. Rab1 Bc8 25. Bf5 b5 26. Be4 R8a6 27. axb5 cxb5 28. Bd5 Be6 29. Bxe6 Rxe6 30. Rf5 b4 31. Kf2 g6 32. Rd5 Rc6 33. d4 Ra2 34. Rxc5 Rxc5 35. dxc5 Rxc2+ 36. Kf3 Rxc5 37. Rxb4 Kg7 38. h4 Rf5+ 39. Kg2 Kf6 40. Ra4 h5 41. Rb4 Ke5 42. Ra4 Rf6 43. Rb4 Rd6 44. Kf3 Rd5 45. Re4+ Kf5 46. Rf4+ Ke6 47. Re4+ Re5 48. Ra4 Rf5+ 49. Kg2 Ke5 50. Rb4 f6 51. Ra4 Ke6 52. e4 1/2-1/2

[Event "RUS-ch Rapid Men 2018"]
[Site "Sochi"]
[Date "2018.10.05"]
[Round "3"]
[White "Ponkratov, Pavel"]
[Black "Bocharov, Dmitry"]
[Result "1-0"]
[ECO "B41"]
[WhiteElo "2628"]
[BlackElo "2557"]
[Annotator "RC"]
[PlyCount "77"]
[EventDate "2018.10.05"]
[EventType "swiss"]
[EventCountry "RUS"]
[SourceTitle "playchess.com"]
[Source "ChessBase"]
[SourceQuality "1"]
[TimeControl "900+10"]

1. e4 c5 2. Nf3 e6 3. d4 cxd4 4. Nxd4 a6 5. c4 Nf6 6. Nc3 Qc7 7. Qd3 Nc6 8. Nxc6 dxc6 9. Be2 e5 10. Qg3 Be7 11. f4 Be6 12. O-O exf4 13. Bxf4 Qb6+ 14. Kh1 O-O 15. e5 Nd7 16. Bh6 g6 17. Bg4 Bxg4 18. Qxg4 Nxe5 19. Qe2 f6 20. Bxf8 Rxf8 21. Rad1 Qc7 22. Ne4 f5 23. Nd2 Bf6 24. Nf3 Rf7 25. c5 Re7 26. Nxe5 Bxe5 27. Rfe1 Kg7 28. b4 h5 29. Qd2 h4 30. Qd8 Qxd8 31. Rxd8 Kf6 32. h3 g5 33. a3 g4 34. Rf8+ Kg5 35. Rg8+ Kf4 36. hxg4 fxg4 37. Rf1+ Ke3 38. Rxg4 Bg3 39. Rxg3+ 1-0

[Event "RUS-ch Rapid Men 2018"]
[Site "Sochi"]
[Date "2018.10.05"]
[Round "3"]
[White "Grachev, Boris"]
[Black "Tsvetkov, Andrey"]
[Result "1-0"]
[ECO "D00"]
[WhiteElo "2626"]
[BlackElo "2264"]
[Annotator "RC"]
[PlyCount "125"]
[EventDate "2018.10.05"]
[EventType "swiss"]
[EventCountry "RUS"]
[SourceTitle "playchess.com"]
[Source "ChessBase"]
[SourceQuality "1"]
[TimeControl "900+10"]

1. d4 d5 2. Bf4 c5 3. e3 Nc6 4. c3 Nf6 5. Nd2 Bf5 6. Ngf3 e6 7. Nh4 Bg4 8. Qb3 Qc8 9. h3 Bh5 10. g4 Bg6 11. Nxg6 hxg6 12. Bg2 Be7 13. O-O O-O 14. Rfe1 Rd8 15. Rad1 Nd7 16. Nf3 Nf6 17. Qc2 cxd4 18. exd4 b5 19. Bf1 b4 20. Rc1 Qb7 21. Qa4 Bd6 22. Bxd6 Rxd6 23. cxb4 Qxb4 24. Qxb4 Nxb4 25. a3 Nc6 26. Rc2 Ne4 27. Rec1 Ne7 28. Rc7 Kf8 29. b4 f6 30. Bd3 Ke8 31. Kf1 Kd8 32. Ke2 Rc8 33. Rxc8+ Nxc8 34. Ke3 Kd7 35. a4 Rb6 36. b5 Ncd6 37. h4 Rb8 38. Ng1 Rc8 39. Rxc8 Kxc8 40. Ne2 e5 41. f3 exd4+ 42. Kxd4 Nd2 43. Kxd5 Kd7 44. f4 Nf3 45. Bxg6 Nxh4 46. Bd3 Ng2 47. Kd4 Ne1 48. Be4 Nxe4 49. Kxe4 Nc2 50. Nd4 Nb4 51. Nc6 Na2 52. Kd4 Nc1 53. f5 Ne2+ 54. Kc4 Nf4 55. Nxa7 Kd6 56. a5 Kc7 57. Nc6 Ng2 58. Kd4 Ne1 59. Nb4 Nf3+ 60. Kc5 Ne5 61. b6+ Kc8 62. a6 Nd7+ 63. Kb5 1-0

[Event "RUS-ch Rapid Men 2018"]
[Site "Sochi"]
[Date "2018.10.05"]
[Round "3"]
[White "Maletin, Pavel"]
[Black "Chigaev, Maksim"]
[Result "1-0"]
[ECO "E63"]
[WhiteElo "2586"]
[BlackElo "2599"]
[Annotator "ChessBase"]
[PlyCount "89"]
[EventDate "2018.10.05"]
[EventType "swiss"]
[EventCountry "RUS"]
[SourceTitle "playchess.com"]
[Source "ChessBase"]
[SourceQuality "1"]
[TimeControl "900+10"]

1. c4 g6 2. Nf3 Bg7 3. d4 Nf6 4. g3 O-O 5. Bg2 d6 6. Nc3 Nc6 7. O-O a6 8. b3 Bd7 9. Bb2 Rb8 10. Nd5 Nh5 11. e4 e5 12. h3 Re8 13. Re1 exd4 14. Nxd4 Ne5 15. Rb1 c6 16. Ne3 c5 17. Ndf5 gxf5 18. Qxh5 fxe4 19. Bxe4 Ng6 20. Ng4 Bxg4 21. Qxg4 Bxb2 22. Rxb2 Qf6 23. Rbe2 Kf8 24. Bxb7 Ne5 25. Qe4 h5 26. Bd5 Ng6 27. Qf3 Qxf3 28. Bxf3 Rxe2 29. Rxe2 h4 30. Bh5 Ne5 31. f4 Nc6 32. g4 a5 33. f5 Nd4 34. Re3 f6 35. g5 fxg5 36. f6 Nc6 37. Re6 Rd8 38. Kf2 a4 39. bxa4 Ne5 40. a5 Rb8 41. a6 g4 42. hxg4 h3 43. a7 Ra8 44. Re8+ Rxe8 45. Bxe8 1-0

[Event "RUS-ch Rapid Men 2018"]
[Site "Sochi"]
[Date "2018.10.05"]
[Round "3"]
[White "Sakaev, Konstantin"]
[Black "Drygalov, Sergey"]
[Result "1/2-1/2"]
[ECO "E12"]
[WhiteElo "2584"]
[BlackElo "2446"]
[Annotator "ChessBase"]
[PlyCount "70"]
[EventDate "2018.10.05"]
[EventType "swiss"]
[EventCountry "RUS"]
[SourceTitle "playchess.com"]
[Source "ChessBase"]
[SourceQuality "1"]
[TimeControl "900+10"]

1. d4 Nf6 2. c4 e6 3. Nf3 b6 4. a3 Ba6 5. Qc2 Bb7 6. Nc3 c5 7. e4 cxd4 8. Nxd4 Bc5 9. Nb3 Nc6 10. Bd3 O-O 11. O-O a6 12. Nxc5 bxc5 13. Bg5 h6 14. Bh4 g5 15. Bg3 e5 16. f3 d6 17. Bf2 a5 18. Rab1 Nd4 19. Qd1 Bc6 20. b4 axb4 21. axb4 Nh5 22. b5 Bb7 23. Ne2 Ra3 24. Qd2 Qa8 25. Bxd4 cxd4 26. Rfc1 Rc8 27. Ng3 Nf4 28. Bf1 Rd8 29. Nf5 Kh7 30. c5 dxc5 31. Rxc5 Ra2 32. Rb2 Qa3 33. Rxa2 Qxc5 34. g3 d3+ 35. Qe3 Ne6 1/2-1/2